 Dungeon Crawl Stone Soup version 0.23.2-40-g277498a001 (webtiles) character file.

Game seed: 14230326473228577441

15354 Gandalf the Spear-Bearer (level 12, -8/71 HPs)
             Began as a Gargoyle Fighter on Sept 19, 2019.
             Was a High Priest of Cheibriados.
             Killed from afar by a lava snake (14 damage)
             ... with a glob of lava
             ... on level 11 of the Dungeon.
             The game lasted 00:26:09 (8758 turns).

Gandalf the Spear-Bearer (Gargoyle Fighter)         Turns: 8758, Time: 00:26:09

Health: -8/71      AC: 29    Str: 33    XL:     12   Next: 26%
Magic:  12/12      EV: 10    Int: 22    God:    Cheibriados [*****.]
Gold:   665        SH:  0    Dex: 27    Spells: 11/11 levels left

rFire    . . .     SeeInvis .   A - +9 glaive "Umpisul" {freeze, +Inv rC+ Str-5 Dex+2}
rCold    + . .     Gourm    .   (shield currently unavailable)
rNeg     + + .     Faith    .   D - +0 plate armour
rPois    ∞         Spirit   .   o - +0 helmet
rElec    +         Reflect  .   n - +0 cloak
rCorr    .         Harm     .   p - +0 pair of gloves
MR       .....                  e - +1 pair of boots
Stlth    ..........             (no amulet)
HPRegen  0.21/turn              y - ring of positive energy
MPRegen  0.13/turn              a - +3 ring of dexterity

@: very slow
A: negative energy resistance 1, electricity resistance, unbreathing,
petrification resistance, rot immunity, AC +8
a: Bend Time, Temporal Distortion, Slouch, Step From Time, Renounce Religion,
Evoke Invisibility


You were on level 11 of the Dungeon.
You worshipped Cheibriados.
Cheibriados was extremely pleased with you.
You were hungry.

You visited 2 branches of the dungeon, and saw 12 of its levels.

You collected 665 gold pieces.

Inventory:

Hand Weapons
 k - the +1 arbalest "Errul" {venom, +Inv rF- Dex+4}
   (You found it on level 7 of the Dungeon)

   It poisons the ammo it fires.
   It affects your dexterity (+4).
   It makes you vulnerable to fire.
   It lets you turn invisible.
 A - the +9 glaive "Umpisul" (weapon) {freeze, +Inv rC+ Str-5 Dex+2}
   (You found it on level 6 of the Dungeon)

   It has been specially enchanted to freeze those struck by it, causing extra
   injury to most foes and up to half again as much damage against particularly
   susceptible opponents.
   It can also slow down cold-blooded creatures.
   It affects your strength (-5).
   It affects your dexterity (+2).
   It protects you from cold.
   It lets you turn invisible.
 C - a +2 flail of protection
Armour
 c - a +0 shield
 e - a +1 pair of boots (worn)
 n - a +0 cloak (worn)
 o - a +0 helmet (worn)
 p - a +0 pair of gloves (worn)
 D - a +0 plate armour (worn)
Magical Staves
 u - an uncursed staff of earth
Jewellery
 a - a +3 ring of dexterity (right hand)
 y - a ring of positive energy (left hand)
Wands
 h - a wand of polymorph (6)
Scrolls
 i - 4 scrolls of teleportation
 l - 5 scrolls of remove curse
 s - 2 scrolls of identify
 B - 2 scrolls of enchant weapon
Potions
 b - a potion of agility {unknown}
 d - 2 potions of berserk rage {unknown}
 g - a potion of curing
 m - a potion of cancellation {unknown}
 q - 2 potions of haste {unknown}
 r - 5 potions of brilliance {unknown}
 v - 2 potions of might
 w - a potion of lignification {unknown}
 x - 2 potions of flight {unknown}
 z - a potion of resistance {unknown}
Comestibles
 f - 22 rations


   Skills:
 + Level 6.9 Fighting
   Level 6.2(10.3) Axes
 + Level 2.2(4.9) Maces & Flails
 * Level 12.4(12.9) Polearms
 * Level 4.9 Crossbows
 * Level 9.0 Armour
 + Level 2.2 Dodging
 + Level 1.0 Stealth
 + Level 5.8 Shields
 + Level 0.1 Invocations


You had 11 spell levels left.
You didn't know any spells.
Your spell library contained the following spells:

 Spells                   Type           Power        Failure   Level  Hunger
 Corona                   Hex            #......      71%         1    ##.....
 Flame Tongue             Conj/Fire      #....        71%         1    ##.....
 Summon Small Mammal      Summ           #...         71%         1    ##.....
 Call Imp                 Summ           #.......     85%         2    ###....
 Ensorcelled Hibernation  Hex/Ice        #.....       85%         2    ###....
 Throw Flame              Conj/Fire      #.....       85%         2    ###....
 Call Canine Familiar     Summ           #.......     97%         3    ####...
 Confuse                  Hex            #.......     97%         3    ####...
 Conjure Flame            Conj/Fire      #.......     97%         3    ####...
 Dazzling Spray           Conj/Hex       #.....       97%         3    ####...
 Inner Flame              Hex/Fire       #.......     97%         3    ####...
 Summon Guardian Golem    Hex/Summ       #.......     97%         3    ####...
 Tukima's Dance           Hex            #.......     97%         3    ####...
 Sticky Flame             Conj/Fire      #.......     100%        4    #####..
 Summon Ice Beast         Ice/Summ       #.......     100%        4    #####..
 Summon Lightning Spire   Summ/Air       #.......     100%        4    #####..
 Fireball                 Conj/Fire      #.........   100%        5    ######.


Dungeon Overview and Level Annotations

Branches:
Dungeon (11/15)            Temple (1/1) D:6             Orc (0/2) D:9
   Lair: D:8-11

Altars:
Ashenzari
Cheibriados
Dithmenos
Elyvilon
Fedhas
Gozag
Hepliaklqana
Kikubaaqudgha
Makhleb
Nemelex Xobeh
Okawaru
Qazlal
Ru
Sif Muna
Trog
Uskayaw
Vehumet
Wu Jian
Xom
Yredelemnul
Zin
The Shining One

Shops:
D:4 *   D:9 *


Innate Abilities, Weirdness & Mutations

You are resistant to torment.
Your stone body is resilient. (AC +8)
You are immune to poison.
You resist negative energy. (rN+)
You are resistant to electric shocks. (rElec)
You can survive without breathing.
You are immune to petrification.
You are immune to rotting.


Message History

The molten gargoyle blasts magma at you!
The bolt of magma hits you.
The molten gargoyle hits you but does no damage.
You barely miss the molten gargoyle. The molten gargoyle barely misses you.
The molten gargoyle barely misses you.
The molten gargoyle hits you but does no damage.
You hit the molten gargoyle. You freeze the molten gargoyle.
The molten gargoyle is moderately damaged.
Your plate armour prevents you from hitting the molten gargoyle.
The molten gargoyle is moderately damaged.
The molten gargoyle blasts magma at you!
The bolt of magma hits you!
* * * LOW HITPOINT WARNING * * *
The molten gargoyle blasts magma at you!
The bolt of magma hits you!
* * * LOW HITPOINT WARNING * * *
A molten gargoyle comes into view. It is wielding a +0 mace.
The lava snake spits lava at you. The glob of lava hits you!
You die...

.....#...#...........#
.....#...#...........#
....##'###...........#
#####......#######+#####
...........#. #.#.#
...........#.. #.#.#§
...........#.. #...≈.§
...........#.# ##..≈§§≈§
.....#######.###@#.≈§≈≈§
.....#..........#..≈≈88§
######..........9#9S≈88§
..............).#.S≈≈≈≈§
....##...##..###.#.≈≈≈≈≈
....##...##..####...§.≈.
...............# #.#.#.#
................# #.#.#.
..................#####


You could see a molten gargoyle and 2 lava snakes.

Vanquished Creatures
  3 two-headed ogres
  A death yak (D:11)
  2 ugly things (D:11)
  A centaur zombie (D:8)
  A cyclops (D:11)
  Joseph (D:8)
  2 molten gargoyles (D:11)
  A gargoyle (D:11)
  A kobold demonologist (D:11)
  A merfolk (D:11)
  A slime creature (D:11)
  A blink frog (shapeshifter) (D:11)
  5 hippogriffs
  18 yaks
  2 basilisks (D:11)
  2 orc warriors (D:8)
  An eye of draining (D:8)
  2 ice beasts
  4 ogres
  A sky beast (D:11)
  3 phantoms
  A necrophage (D:9)
  4 centaurs
  Blork the orc (D:6)
  5 big kobolds
  4 bullfrogs
  A wyvern skeleton (D:10)
  2 scorpions (D:10)
  A water moccasin skeleton (D:8)
  5 killer bees (D:8)
  14 wights
  5 howler monkeys
  4 crimson imps
  2 bullfrog zombies
  5 hounds
  2 quasits
  3 jellies
  5 gnoll shamans
  3 orc priests
  3 iguanas
  8 orc wizards
  10 worker ants
  A howler monkey zombie (D:5)
  43 gnolls
  A howler monkey skeleton (D:9)
  2 river rats (D:11)
  15 adders
  2 shadow imps
  An ooze (D:3)
  3 dart slugs
  A worm (D:3)
  13 leopard geckos
  42 orcs
  4 giant cockroaches
  3 goblins
  5 hobgoblins
  30 jackals
  3 quokkas
  2 ball pythons (D:1)
  11 bats
  2 frilled lizards
  A jackal skeleton (D:7)
  26 kobolds
  A leopard gecko skeleton (D:8)
  A leopard gecko zombie (D:5)
  8 rats
363 creatures vanquished.

Notes
Turn   | Place    | Note
-------+----------+-------------------------------------------
     0 | D:1      | Gandalf the Gargoyle Fighter began the quest for the Orb.
     0 | D:1      | Reached XP level 1. HP: 14/14 MP: 1/1
   161 | D:1      | Reached XP level 2. HP: 19/19 MP: 2/2
   609 | D:1      | Reached XP level 3. HP: 24/24 MP: 1/3
   940 | D:2      | Found a hazy altar of Hepliaklqana.
  1109 | D:2      | Reached skill level 1 in Axes
  1109 | D:2      | Reached XP level 4. HP: 28/29 MP: 1/4
  1131 | D:2      | Found a glowing silver altar of Zin.
  1571 | D:5      | Entered Level 5 of the Dungeon
  1816 | D:3      | Reached XP level 5. HP: 26/33 MP: 1/5
  1932 | D:3      | Found a sacrificial altar of Ru.
  2157 | D:3      | Noticed an ogre
  2171 | D:3      | Killed an ogre
  2171 | D:3      | Reached XP level 6. HP: 28/38 MP: 2/6
  2427 | D:4      | Found a radiant altar of Vehumet.
  2542 | D:4      | Found Zeucw's Assorted Antiques.
  2708 | D:4      | Reached XP level 7. HP: 37/43 MP: 2/7
  2912 | D:5      | Reached skill level 5 in Armour
  3067 | D:5      | Reached skill level 1 in Dodging
  3225 | D:5      | Found a glowing golden altar of the Shining One.
  3227 | D:5      | Noticed an angel
  3241 | D:5      | Reached skill level 5 in Shields
  3255 | D:5      | Found a basalt altar of Yredelemnul.
  3680 | D:6      | Reached skill level 5 in Axes
  3996 | D:6      | Reached XP level 8. HP: 43/48 MP: 2/8
  4197 | D:6      | Got a scorched glaive
  4226 | D:6      | Identified the +9 glaive "Umpisul" {freeze, +Inv rC+ Str-5
                  | Dex+2} (You found it on level 6 of the Dungeon)
  4409 | D:6      | Reached skill level 1 in Polearms
  4438 | D:6      | Reached skill level 2 in Polearms
  4490 | D:6      | Reached skill level 3 in Polearms
  4493 | D:6      | Reached XP level 9. HP: 53/53 MP: 9/9
  4741 | D:6      | Reached skill level 4 in Polearms
  4763 | D:6      | Found a staircase to the Ecumenical Temple.
  4776 | Temple   | Entered the Ecumenical Temple
  4798 | Temple   | Became a worshipper of Cheibriados the Contemplative
  4955 | D:6      | Noticed Blork the orc
  4963 | D:6      | Killed Blork the orc
  5364 | D:7      | Got an encrusted leather armour
  5375 | D:7      | Identified the +3 leather armour of Gravitas {Regen+ Int+2}
                  | (You found it on level 7 of the Dungeon)
  5412 | D:7      | Reached * piety under Cheibriados
  5514 | D:7      | Found a bloodstained altar of Trog.
  5521 | D:7      | Found a white marble altar of Elyvilon.
  5563 | D:7      | Reached skill level 5 in Polearms
  5578 | D:7      | Got an encrusted arbalest
  5579 | D:7      | Identified the cursed +1 arbalest "Errul" {venom, +Inv rF-
                  | Dex+4} (You found it on level 7 of the Dungeon)
  5585 | D:7      | Reached skill level 5 in Fighting
  5754 | D:8      | Reached skill level 6 in Polearms
  5754 | D:8      | Reached skill level 1 in Crossbows
  5813 | D:8      | Reached XP level 10. HP: 59/59 MP: 10/10
  5847 | D:8      | Reached skill level 7 in Polearms
  5851 | D:8      | Reached ** piety under Cheibriados
  5934 | D:8      | Noticed Joseph
  5953 | D:8      | Killed Joseph
  6092 | D:8      | Reached skill level 1 in Stealth
  6101 | D:8      | Reached skill level 8 in Polearms
  6187 | D:8      | Found a shattered altar of Ashenzari.
  6274 | D:8      | Reached *** piety under Cheibriados
  6395 | D:9      | Found a staircase to the Orcish Mines.
  6460 | D:9      | Found Tiek's General Store.
  6472 | D:9      | Reached skill level 9 in Polearms
  6479 | D:9      | Found an iron altar of Okawaru.
  6650 | D:9      | Noticed a two-headed ogre
  6653 | D:9      | Killed a two-headed ogre
  6653 | D:9      | Reached XP level 11. HP: 64/64 MP: 11/11
  6754 | D:9      | Noticed a two-headed ogre
  6762 | D:9      | Killed a two-headed ogre
  6762 | D:9      | Reached **** piety under Cheibriados
  6762 | D:9      | Reached skill level 10 in Polearms
  7028 | D:10     | Entered Level 10 of the Dungeon
  7525 | D:10     | Reached ***** piety under Cheibriados
  7694 | D:10     | Noticed a two-headed ogre
  7699 | D:10     | Killed a two-headed ogre
  7699 | D:10     | Reached skill level 11 in Polearms
  7881 | D:11     | Noticed a cyclops
  7887 | D:11     | Killed a cyclops
  7995 | D:11     | Noticed a purple ugly thing
  7996 | D:11     | Noticed a white ugly thing
  8001 | D:11     | Killed a purple ugly thing
  8005 | D:11     | Killed a purple ugly thing
  8024 | D:11     | Reached XP level 12. HP: 61/71 MP: 12/12
  8033 | D:11     | Reached skill level 12 in Polearms
  8121 | D:11     | Noticed a death yak
  8121 | D:11     | Noticed a death yak
  8130 | D:11     | Noticed a death yak
  8137 | D:11     | Killed a death yak
  8758 | D:11     | Killed from afar by a lava snake

Skill      XL: |  1  2  3  4  5  6  7  8  9 10 11 12 |
---------------+-------------------------------------+-----
Axes           | 1 2 3 4 5 6 |  6.2
Shields        | 4 5 |  5.8
Armour         | 4 5 6 7 8 9 |  9.0
Fighting       | 4 5 6 |  6.9
Dodging        | 1 2 |  2.2
Polearms       | 3 6 9 11 12 | 12.4
Crossbows      | 1 3 4 |  4.9
Stealth        | 1 |  1.0
Maces & Flails | |  2.2
Invocations    | |  0.1

Action                   |  1- 3 |  4- 6 |  7- 9 | 10-12 || total
-------------------------+-------+-------+-------+-------++-------
Melee: Flail             |    85 |       |       |       ||    85
       Hand axe          |    61 |   229 |   257 |       ||   547
       Glaive            |       |       |   174 |   352 ||   526
Invok: Temporal Distorti |       |       |       |     1 ||     1
  Use: Scroll            |     5 |     1 |     6 |     6 ||    18
       Potion            |       |     1 |       |     7 ||     8
 Stab: Sleeping          |       |       |     1 |       ||     1
  Eat: Chunk             |       |     7 |     7 |     5 ||    19
       Ration            |       |       |     1 |       ||     1
Armor: Scale mail        |    15 |       |       |       ||    15
       Chain mail        |   118 |   175 |   232 |       ||   525
       Leather armour    |       |       |    40 |       ||    40
       Plate armour      |       |       |     2 |   256 ||   258
Dodge: Dodged            |    43 |    61 |   180 |   175 ||   459
Block: Shield            |   114 |   140 |   144 |       ||   398
